[Event "Catalonia Championship Veterans 2024"]
[Site "Salou Tarragona"]
[Date "2024.05.19"]
[Round "9.1"]
[White "Lacasa Diaz, Josep Anton"]
[Black "Parals Marce, Luis"]
[Result "1-0"]
[ECO "B06"]
[WhiteElo "2335"]
[BlackElo "2000"]
[Annotator "TA"]
[PlyCount "31"]
[EventDate "2024.05.11"]
[EventType "swiss"]
[EventCountry "ESP"]
[SourceTitle "playchess.com"]
[Source "ChessBase"]
[SourceQuality "1"]
[TimeControl "5400+30"]

1. Nf3 g6 2. e4 Bg7 3. d4 d6 4. Nc3 Nc6 5. Be3 e5 6. dxe5 Nxe5 7. Nxe5 Bxe5 8. Qd2 {[%emt 0:01:11] White is slightly better.} Be6 ({Black should try} 8... Nf6) 9. f4 Bg7 10. O-O-O a6 {[%emt 0:11:46] Against Bb5+} 11. Bd3 b5 (11... Ne7 $16) 12. f5 $18 b4 $2 {[%emt 0:02:05] [#]} (12... Bd7 13. g4 Nf6) 13. fxe6 {[%emt 0:03:02] White is clearly winning.} bxc3 14. exf7+ ({And not} 14. bxc3 fxe6 15. Bc4 Qe7 $11) 14... Kxf7 (14... Kd7 $142) 15. Bc4+ Ke8 16. Qd5 {[%emt 0:01:23] Black did not feel at home in the position after the opening.   Weighted Error Value: White=0.07 (flawless) /Black=1.21.  Mistake:       	---       	Black=4      OK:         	White=2     	Black=2      Best:        	White=3     	---} 1-0

[Event "Catalonia Championship Veterans 2024"]
[Site "Salou Tarragona"]
[Date "2024.05.19"]
[Round "9.2"]
[White "Brusi Noguera, Ricardo Ll."]
[Black "Torrecillas Martinez, Antonio"]
[Result "1/2-1/2"]
[ECO "D05"]
[WhiteElo "2059"]
[BlackElo "2298"]
[Annotator "RC"]
[PlyCount "71"]
[EventDate "2024.05.11"]
[EventType "swiss"]
[EventCountry "ESP"]
[SourceTitle "playchess.com"]
[Source "ChessBase"]
[SourceQuality "1"]
[TimeControl "5400+30"]

1. Nf3 Nf6 2. b3 d5 3. e3 e6 4. d4 Be7 5. Bd3 O-O 6. Nbd2 c5 7. O-O Nc6 8. Bb2 b6 9. Ne5 Bb7 10. a3 Nxe5 11. dxe5 Ne4 12. Nxe4 dxe4 13. Bc4 a6 14. Qxd8 Rfxd8 15. Rfd1 b5 16. Be2 Bc6 17. Rxd8+ Rxd8 18. Rd1 a5 19. Rxd8+ Bxd8 20. c4 b4 21. Kf1 f5 22. f4 exf3 23. Bxf3 Bxf3 24. gxf3 Kf7 25. a4 Kg6 26. Kg2 Kh5 27. Bc1 g5 28. Kg3 g4 29. f4 Bh4+ 30. Kg2 Kg6 31. Bd2 h5 32. Kf1 Be7 33. Kg2 h4 34. h3 Kh5 35. Bc1 Bf8 36. Bb2 1/2-1/2

[Event "Catalonia Championship Veterans 2024"]
[Site "Salou Tarragona"]
[Date "2024.05.19"]
[Round "9.3"]
[White "Cuadras Avellana, Jordi"]
[Black "Fernandez Muixi, Francesc"]
[Result "1-0"]
[ECO "A18"]
[WhiteElo "2176"]
[BlackElo "1988"]
[Annotator "RC"]
[PlyCount "100"]
[EventDate "2024.05.11"]
[EventType "swiss"]
[EventCountry "ESP"]
[SourceTitle "playchess.com"]
[Source "ChessBase"]
[SourceQuality "1"]
[TimeControl "5400+30"]

1. c4 Nf6 2. Nc3 e6 3. e4 d5 4. e5 Nfd7 5. d4 dxc4 6. Bxc4 Nb6 7. Bb3 Nc6 8. Nf3 Nb4 9. O-O Be7 10. Qe2 Bd7 11. a3 N4d5 12. Ne4 h6 13. Bc2 Bc6 14. Bd2 Qd7 15. Bd3 a6 16. Rfc1 Bb5 17. b3 Bxd3 18. Qxd3 O-O 19. Nc5 Qc8 20. Qe4 Rb8 21. Qg4 Kh7 22. Re1 Rh8 23. Qh3 Kg8 24. Re4 Qf8 25. Rg4 Bxc5 26. dxc5 Qxc5 27. Re1 Qxa3 28. Qg3 Qf8 29. h4 c5 30. h5 Ne7 31. Nh4 Nbd5 32. f4 f5 33. exf6 Qxf6 34. Ng6 Nf5 35. Qd3 Rh7 36. Ne5 Rd8 37. Qe4 Rh8 38. Rg6 Qe7 39. Nf3 Nf6 40. Qxf5 Rd6 41. Qc2 b6 42. f5 Kf7 43. Bc3 Ke8 44. Bxf6 gxf6 45. Qe4 e5 46. Qa8+ Qd8 47. Qxa6 Rd1 48. Rxd1 Qxd1+ 49. Kh2 Qd8 50. Qb7 Qe7 1-0

[Event "Catalonia Championship Veterans 2024"]
[Site "Salou Tarragona"]
[Date "2024.05.19"]
[Round "9.4"]
[White "Sanchez Criado, Lluis"]
[Black "Melero Sanchez, Pere"]
[Result "1/2-1/2"]
[ECO "E12"]
[WhiteElo "2060"]
[BlackElo "1934"]
[Annotator "RC"]
[PlyCount "34"]
[EventDate "2024.05.11"]
[EventType "swiss"]
[EventCountry "ESP"]
[SourceTitle "playchess.com"]
[Source "ChessBase"]
[SourceQuality "1"]
[TimeControl "5400+30"]

1. d4 Nf6 2. c4 e6 3. Nf3 b6 4. a3 Bb7 5. Nc3 d5 6. Bg5 Be7 7. e3 O-O 8. Bd3 Nbd7 9. O-O c5 10. Qe2 Ne4 11. Bxe7 Qxe7 12. Rac1 f5 13. cxd5 exd5 14. Ba6 Bc6 15. Bb5 Bb7 16. Ba6 Bc6 17. Bb5 Bb7 1/2-1/2

[Event "Catalonia Championship Veterans 2024"]
[Site "Salou Tarragona"]
[Date "2024.05.19"]
[Round "9.5"]
[White "Vallbona Domingo, Joan"]
[Black "Pogorelov, Ruslan"]
[Result "0-1"]
[ECO "A37"]
[WhiteElo "1938"]
[BlackElo "2282"]
[Annotator "RC"]
[PlyCount "66"]
[EventDate "2024.05.11"]
[EventType "swiss"]
[EventCountry "ESP"]
[SourceTitle "playchess.com"]
[Source "ChessBase"]
[SourceQuality "1"]
[TimeControl "5400+30"]

1. c4 c5 2. g3 g6 3. Bg2 Bg7 4. Nc3 Nc6 5. Nf3 b6 6. a3 Bb7 7. e3 Bxc3 8. bxc3 f5 9. d3 Nf6 10. Ne5 Qc7 11. Bxc6 Bxc6 12. Nxc6 Qxc6 13. f3 h5 14. Rg1 Kf7 15. Qe2 g5 16. Bb2 g4 17. Rf1 gxf3 18. Rxf3 e6 19. O-O-O Ke7 20. Rdf1 Raf8 21. Kb1 h4 22. Bc1 hxg3 23. Rxg3 Ke8 24. Rfg1 Ng4 25. R1g2 Ne5 26. Rg5 b5 27. Ka1 bxc4 28. dxc4 Kd8 29. Rg7 Kc7 30. R7g5 Qe4 31. Qc2 Qxc2 32. Rxc2 Kc6 33. e4 Nf3 0-1

[Event "Catalonia Championship Veterans 2024"]
[Site "Salou Tarragona"]
[Date "2024.05.19"]
[Round "9.7"]
[White "Franzoni Ladron de Guevara, Enric"]
[Black "Palacin Martin, Ricardo"]
[Result "1/2-1/2"]
[ECO "B31"]
[WhiteElo "1854"]
[BlackElo "1968"]
[Annotator "RC"]
[PlyCount "117"]
[EventDate "2024.05.11"]
[EventType "swiss"]
[EventCountry "ESP"]
[SourceTitle "playchess.com"]
[Source "ChessBase"]
[SourceQuality "1"]
[TimeControl "5400+30"]

1. e4 c5 2. Nf3 Nc6 3. Bb5 g6 4. O-O Bg7 5. Re1 e5 6. Bxc6 bxc6 7. c4 Ne7 8. d3 h6 9. Nc3 d6 10. h3 Be6 11. Qa4 Qd7 12. Kh2 O-O 13. Rb1 Rab8 14. b4 cxb4 15. Rxb4 Rxb4 16. Qxb4 c5 17. Qa3 Nc6 18. Bd2 Rb8 19. Rb1 Rxb1 20. Nxb1 Qb7 21. Qc1 Kh7 22. Nc3 f5 23. Nb5 a6 24. Nc3 f4 25. Qc2 Bf6 26. Qb3 Qxb3 27. axb3 Bd8 28. Nd5 Kg7 29. Bc3 Kf7 30. Kg1 g5 31. Nd2 h5 32. Kf1 g4 33. hxg4 hxg4 34. Ke2 Kg6 35. Kf1 Kh5 36. Kg1 Kh4 37. Kh1 g3 38. f3 Kg5 39. Kg1 Kg6 40. Kf1 Kf7 41. Nb1 Ke8 42. Na3 Kd7 43. Nc2 Kc8 44. b4 cxb4 45. Ncxb4 Kb7 46. Nxc6 Kxc6 47. Nb4+ Kb7 48. Nc2 Bb6 49. Ke2 Bf2 50. Bb4 Kc6 51. Na1 Kc7 52. Nb3 Bb6 53. Kf1 Bd7 54. Ke2 Ba4 55. Na5 Bc5 56. Bc3 Kb6 57. Bd2 Bd4 58. Bb4 Bb2 59. Ke1 1/2-1/2

[Event "Catalonia Championship Veterans 2024"]
[Site "Salou Tarragona"]
[Date "2024.05.19"]
[Round "9.9"]
[White "Tosan Pereira, Felipe"]
[Black "Fernandez Vicente, Carmelo"]
[Result "0-1"]
[ECO "B40"]
[WhiteElo "2062"]
[BlackElo "2005"]
[Annotator "NA RC"]
[PlyCount "110"]
[EventDate "2024.05.11"]
[EventType "swiss"]
[EventCountry "ESP"]
[SourceTitle "playchess.com"]
[Source "ChessBase"]
[SourceQuality "1"]
[TimeControl "5400+30"]

1. e4 c5 2. Nf3 e6 3. d3 Nc6 4. g3 g6 5. d4 cxd4 6. Nxd4 Qa5+ {[%emt 0:02:49] B40: Sicilian: 2...e6, Unusual lines.} 7. Nc3 Nf6 8. Nb3 Qd8 9. Bf4 a6 10. Bg2 Nh5 11. Be3 Be7 12. Na4 O-O 13. Nb6 Rb8 14. O-O d6 15. a4 Ng7 16. a5 e5 17. Nxc8 Qxc8 18. Qd2 Kh8 19. Bb6 Ne8 20. Qh6 (20. c3 $16) 20... Qg4 (20... Nf6 $14) 21. Nd2 Qg5 (21... Ng7 $142) 22. Be3 Qxh6 23. Bxh6 Ng7 24. Nc4 Rfd8 25. f4 (25. Rad1 $18) 25... Kg8 ({Black should try} 25... exf4 26. Bxf4 (26. gxf4 f5 $16) (26. Rxf4 Kg8 $16) 26... Ne6) 26. f5 Ne8 (26... gxf5 $142 27. Nb6 (27. exf5 d5 $16) 27... f4) 27. Be3 (27. Ne3 $142) 27... Kg7 (27... Nd4 $142) 28. Bb6 Rdc8 29. fxg6 hxg6 30. Bh3 Nd4 (30... Nf6 $16) 31. Bxc8 Rxc8 32. Na3 ({White should play} 32. b3 $18) 32... Bg5 (32... Ne6 $1 $14) 33. c3 $2 (33. h4 $18 Bh6 34. g4) 33... Nb3 34. Rad1 (34. Ra2 $1 $14) 34... Nd2 35. Rxd2 Bxd2 36. Rd1 Bg5 37. Kf2 f5 38. Kf3 Kf7 39. Nc2 Ke6 40. g4 (40. Re1 $15) 40... fxe4+ 41. Kxe4 Nf6+ 42. Kf3 Nd5 43. Bf2 Rf8+ 44. Ke2 Nf4+ 45. Ke1 {[%emt 0:00:00] [#]} Bh4 $2 46. Bxh4 Ng2+ 47. Ke2 Nxh4 48. Rg1 (48. Ne3 $11 {keeps the balance.}) 48... Rf4 49. Ne3 $15 Ra4 50. Rd1 g5 51. Rd2 Ng6 52. b4 Nf4+ 53. Kf3 d5 54. Nd1 Ra3 55. Kf2 e4 0-1

[Event "Catalonia Championship Veterans 2024"]
[Site "Salou Tarragona"]
[Date "2024.05.19"]
[Round "9.10"]
[White "Soler Bel, Josep"]
[Black "Mas Recorda, Pere"]
[Result "1-0"]
[ECO "A03"]
[WhiteElo "1895"]
[BlackElo "1932"]
[Annotator "RC"]
[PlyCount "55"]
[EventDate "2024.05.11"]
[EventType "swiss"]
[EventCountry "ESP"]
[SourceTitle "playchess.com"]
[Source "ChessBase"]
[SourceQuality "1"]
[TimeControl "5400+30"]

1. f4 d5 2. e3 g6 3. Nf3 Bg7 4. d4 Nf6 5. c3 O-O 6. Bd3 Bf5 7. O-O Nbd7 8. Ne5 e6 9. Kh1 Bxd3 10. Qxd3 Ne4 11. Nd2 f5 12. Ndf3 Ndf6 13. Bd2 a6 14. Be1 Nd6 15. Bh4 Qe8 16. a4 Nd7 17. b4 c6 18. g4 fxg4 19. Nxg4 Nf5 20. Nge5 Nxe5 21. dxe5 Nxh4 22. Nxh4 Qe7 23. Nxg6 hxg6 24. Rg1 Qf7 25. Rg5 Rfe8 26. Rag1 Kf8 27. Rxg6 Bh8 28. Rh6 1-0